[Event "25th Zadar Open 2018"]
[Site "Zadar"]
[Date "2018.12.22"]
[Round "9.26"]
[White "Mohite, Ranveer"]
[Black "Schloffer, Jasmin-Denise"]
[Result "1-0"]
[ECO "C99"]
[WhiteElo "2236"]
[BlackElo "2115"]
[Annotator "NA"]
[PlyCount "131"]
[EventDate "2018.12.15"]
[EventType "swiss"]
[EventCountry "CRO"]
[SourceTitle "playchess.com"]
[Source "ChessBase"]
[SourceQuality "1"]
[TimeControl "40/5400+30:1800+30"]

1. e4 e5 2. Nf3 Nc6 3. Bb5 a6 4. Ba4 Nf6 5. O-O Be7 6. Re1 b5 7. Bb3 d6 8. c3 O-O 9. h3 Na5 {[%emt 0:00:00] LiveBook: 7243 Games} 10. Bc2 c5 11. d4 Qc7 12. Nbd2 cxd4 13. cxd4 Rd8 14. Bd3 Nc6 15. d5 Nb4 16. Bb1 a5 $1 17. a3 Na6 18. Nf1 Nc5 19. Bg5 h6 20. Bd2 Bd7 21. Bc2 a4 22. Rc1 Qb7 23. Ng3 Rac8 24. Nh2 Re8 25. Nh5 Nxh5 26. Qxh5 Bf8 27. Re3 g6 28. Rg3 Bg7 29. Qh4 h5 30. Bd1 Kf8 {[%emt 0:04:30] [#]} 31. Bxh5 $1 Nb3 $16 32. Rxc8 Rxc8 (32... Bxc8 $16 33. Bb4 Qe7 34. Qxe7+ Kxe7) 33. Bb4 Qb6 34. Bg4 Rc1+ 35. Nf1 Bxg4 36. Qxg4 Qc7 37. Rc3 Rxc3 38. bxc3 Ke7 39. Ne3 Bf6 40. h4 Qd7 41. Qg3 Nd2 42. f3 Nc4 43. Nxc4 bxc4 44. Qf2 Qb7 45. g3 Kd7 46. Kg2 Bd8 47. f4 f6 48. fxe5 dxe5 49. Qc5 Qa6 50. Qf8 Qb6 51. Qf7+ Kc8 52. Qxg6 Qe3 53. Qf5+ Kc7 54. Qf3 Qd2+ 55. Qf2 Qxf2+ 56. Kxf2 Kd7 57. Kf3 Ke8 58. Kg4 Kf7 59. Kf5 Bb6 60. d6 Bd8 61. g4 Bb6 62. g5 fxg5 63. hxg5 Bd8 64. g6+ Kg7 65. d7 Kh6 66. Bf8+ 1-0

[Event "25th Zadar Open 2018"]
[Site "Zadar"]
[Date "2018.12.22"]
[Round "9.27"]
[White "Warakomska, Anna"]
[Black "Parnali, S Dharia"]
[Result "0-1"]
[ECO "D02"]
[WhiteElo "2233"]
[BlackElo "2118"]
[Annotator "NA"]
[PlyCount "76"]
[EventDate "2018.12.15"]
[EventType "swiss"]
[EventCountry "CRO"]
[SourceTitle "playchess.com"]
[Source "ChessBase"]
[SourceQuality "1"]
[TimeControl "40/5400+30:1800+30"]

1. d4 d5 2. Bf4 Nf6 3. e3 e6 4. Nd2 Bd6 5. Bg3 c5 6. c3 Qc7 7. Bd3 O-O 8. Ngf3 Nbd7 9. O-O {[%emt 0:01:30] D02: 1 d4 d5 2 Nf3 sidelines, including 2...Nf6 3 g3 and 2...Nf6 3 Bf4} e5 10. dxe5 {[%emt 0:00:30] LiveBook: 5 Games} Nxe5 11. Nxe5 Bxe5 12. f4 $146 ({Predecessor:} 12. Qc2 Bxg3 13. hxg3 b6 14. e4 Bb7 15. exd5 Bxd5 16. Rfe1 Rfe8 17. Ne4 Bxe4 18. Bxe4 Nxe4 19. Rxe4 Qc6 20. Rae1 {½-½ (20) Korobov,A (2685)-Romanov,E (2611) Biograd 2018}) 12... Bd6 13. c4 Ng4 ({Better is} 13... b5 $11) 14. Qf3 d4 15. e4 (15. exd4 $16 cxd4 16. c5 (16. Qe4 Nf6 $15) 16... Qxc5 17. Rac1) 15... Ne3 (15... f5 $11) 16. e5 Be7 17. f5 $1 Bg5 18. Rf2 Qb6 19. Bf4 Qh6 {[%emt 0:03:30] [#]} 20. Bxg5 $1 Qxg5 21. Ne4 Qe7 $2 {[%emt 0:02:30] [#]} (21... Qg4 $14) 22. f6 $2 ({White must play} 22. Qg3 $1 $18 Qc7 23. Nf6+ Kh8 {[#]} 24. Nxh7 $1 Nxf5 25. Bxf5 Bxf5 26. Nxf8) 22... Qxe5 23. fxg7 Kxg7 24. Nf6 $11 a5 25. Nxh7 Ng4 26. Nxf8 Qxh2+ 27. Kf1 Nxf2 28. Kxf2 Kxf8 29. Bg6 Be6 30. b3 Kg7 31. Be4 Qh4+ 32. Kg1 Rh8 33. Bxb7 Rh6 34. Qf1 Bg4 35. Qf4 Qh1+ 36. Kf2 Qxa1 37. Qe5+ Rf6+ 38. Kg3 Bf5 0-1